 Dungeon Crawl Stone Soup version 0.31.0-12-g77e489cdc1 (webtiles) character file.

Game seed: 1922302609713157080

2175 Doomgape the Trooper (level 9, -1/72 HPs)
             Began as a Demonspawn Shapeshifter on Feb 18, 2024.
             Was a Believer of Okawaru.
             Slain by a death yak (8 damage)
             ... on level 7 of the Dungeon.
             The game lasted 00:21:28 (7344 turns).

Doomgape the Trooper (Demonspawn Shapeshifter)      Turns: 7344, Time: 00:21:29

Health: -1/72      AC:  3    Str: 20    XL:     9   Next: 11%
Magic:  7/9        EV: 15    Int: 10    God:    Okawaru [**....]
Gold:   411        SH:  0    Dex: 16    Spells: 8/8 levels left

rFire   . .          .
                       - Unarmed
rCold   . . .        (no shield)
rNeg    + . .        r - +0 leather armour
rPois   .            (helmet currently unavailable)
rElec   .            (cloak currently unavailable)
rCorr   .            (gloves currently unavailable)
SInv    .            (boots currently unavailable)
Will    .....        f - amulet of Qachymeg {Acrobat rN+ Dex+4}
Stlth   +++          (no ring)
HPRegen 0.32/turn    (no ring)
MPRegen 0.11/turn

%: acrobat
@: beast-form, heroic
A: beast (slay +3), (demonic guardian 1), foul stench 1, demonic touch 2
a: Begin Untransformation, Renounce Religion, Heroism


You were on level 7 of the Dungeon.
You worshipped Okawaru.
Okawaru was pleased with you.
You were a hulking beast.
You visited 2 branches of the dungeon, and saw 9 of its levels.

You collected 411 gold pieces.

Inventory:

Armour
 r - a +0 leather armour (worn)
Jewellery
 f - the amulet of Qachymeg (around neck) {Acrobat rN+ Dex+4}
   (You found it on level 2 of the Dungeon)

   [amulet of the acrobat]

   Acrobat:   It increases your evasion while moving and waiting.
   Dex+4:     It affects your dexterity (+4).
   rN+:       It protects you from negative energy.
 l - a ring of poison resistance
Talismans
 c - a beast talisman
 d - a flux talisman
Wands
 p - a wand of digging (5)
Scrolls
 a - a scroll of enchant weapon
 h - 2 scrolls of identify
 j - a scroll of teleportation
 m - a scroll of blinking
Potions
 b - a potion of haste
 g - a potion of attraction
 i - 2 potions of ambrosia
 n - a potion of curing
 o - a potion of might {unknown}
 q - a potion of degeneration {unknown}
 s - 2 potions of mutation {unknown}


   Skills:
 + Level 7.1(12.1) Fighting
 - Level 1.7(6.7) Dodging
 + Level 6.9(11.9) Unarmed Combat
 + Level 6.4 Shapeshifting


You had 8 spell levels left.
You didn't know any spells.
Your spell library contained the following spells:

 Spells                   Type           Power      Damage    Failure   Level
 Sandblast                Erth           0%         2d4       41%         1
 Sting                    Conj/Alch      0%         1d3       41%         1
 Mercury Vapours          Alch/Air       0%         N/A       54%         2
 Passwall                 Erth           0%         N/A       78%         3
 Stone Arrow              Conj/Erth      0%         3d7       78%         3
 Brom's Barrelling Bould  Conj/Erth      0%         2d3       99%         4
 Olgreb's Toxic Radiance  Alch           0%         N/A       99%         4
 Fireball                 Conj/Fire      0%         3d3       100%        5
 Iskenderun's Battlesphe  Conj           0%         2d6       100%        5
 Conjure Ball Lightning   Conj/Air       0%         3x3d6     100%        6
 Orb of Destruction       Conj           0%         9d5       100%        7
 Malign Gateway           Summ/Tloc      Unusable   N/A       N/A         7
 Summon Horrible Things   Summ           Unusable   N/A       N/A         8

Dungeon Overview and Level Annotations

Branches:
Dungeon (8/15)             Temple (1/1) D:5
   Lair: D:8-11

Altars:
Cheibriados
Dithmenos
Fedhas
Gozag
Hepliaklqana
Kikubaaqudgha
Nemelex Xobeh
Okawaru
Qazlal
Ru
Sif Muna
Trog
Uskayaw
Vehumet
Wu Jian
Xom
Yredelemnul

Annotations:
D:8 Grum


Innate Abilities, Weirdness & Mutations

You are a hulking beast.
Your limbs bulge with bestial killing power. (Slay +3)
((A weak demonic guardian rushes to your aid.))
You may rarely emit foul miasma when damaged in melee.
Your touch may inflict irresistible damage on your foes.


Message History

The grasping roots constrict the death yak.
The death yak struggles to escape constriction.
Unknown command.
Aiming: Fastroot
Press: ? - help, Shift-Dir - straight line, f - you, p - death yak The roots erupt in riotous growth!
The now-empty wand crumbles to dust.
The grasping roots constrict the death yak!
The roots release their grip on the death yak.
Unknown command.
A death yak is nearby!
Okay, then.
Unknown command.
Okay, then.
You fail to use your ability.
You gain the combat prowess of a mighty hero.
You punch the death yak!
You touch the death yak!
The death yak is heavily wounded.
The death yak gores you!!
* * * LOW HITPOINT WARNING * * *
Unknown command.
You hit the death yak. You punch the death yak.
The death yak is heavily wounded.
The death yak completely misses you.
Unknown command.
You barely miss the death yak.
The death yak is heavily wounded.
Unknown command.
It was a potion of curing.
You feel better.
The death yak gores you but does no damage.
You hit the death yak but do no damage.
The death yak is heavily wounded.
The death yak misses you.
You hit the death yak.
You touch the death yak!
You punch the death yak.
The death yak is severely wounded.
The death yak gores you!
* * * LOW HITPOINT WARNING * * *
You punch the death yak!
The death yak is almost dead.
The death yak gores you!
You die...

.[....##....###...#.#####
......##..........#.##..##
#.....#......#...........#
#.............#.........##
#........................#
.........................##
#.........................#
#.........................# #
................h#........# ##
...............Y###.......# ##.
#....##.........(.........#####..
......#....##...............#..#.
...#..#.............#............
...#......#......##.##...........
.....##....>.....##...........###
.................##...####......#
...<....##........#..###.........


You could see a death yak.

Vanquished Creatures
  Menkaure (D:6)
  2 water moccasins (D:7)
  A sky beast (D:5)
  A black bear (D:5)
  2 wolves (D:7)
  An ogre (D:6)
  3 phantoms
  3 bullfrogs (D:7)
  A scorpion (D:6)
  3 wights
  2 howler monkeys (D:7)
  3 bombardier beetles
  3 hounds
  2 orc priests
  A sleepcap (D:5)
  2 jellies
  4 iguanas
  An orc wizard (D:5)
  6 adders
  7 gnolls
  A shadow imp (D:6)
  2 white imps
  3 dart slugs
  2 ribbon worms
  13 orcs
  9 ball pythons
  8 endoplasms
  4 giant cockroaches
  2 goblins
  4 hobgoblins
  7 jackals
  4 quokkas
  8 bats
  2 frilled lizards
  7 kobolds
  3 rats (D:1)
128 creatures vanquished.

Vanquished Creatures (collateral kills)
  An endoplasm (D:4)
  A giant cockroach (D:4)
  2 jackals (D:4)
4 creatures vanquished.

Grand Total: 132 creatures vanquished

Notes
Turn   | Place    | Note
-------+----------+-------------------------------------------
     0 | D:1      | Doomgape the Demonspawn Shapeshifter began the quest for
                  | the Orb.
     0 | D:1      | Reached XP level 1. HP: 15/15 MP: 1/1
    81 | D:1      | Gained mutation: A weak demonic guardian rushes to your
                  | aid. [demonic ancestry]
    81 | D:1      | Reached XP level 2. HP: 6/21 MP: 2/2
   490 | D:1      | Reached XP level 3. HP: 27/27 MP: 3/3
   614 | D:2      | Reached skill level 2 in Fighting
   690 | D:2      | Identified the amulet of Qachymeg {Acrobat rN+ Dex+4}
   881 | D:2      | Reached XP level 4. HP: 11/34 MP: 4/4
  1373 | D:3      | Found a faded altar of an unknown god.
  2904 | D:4      | Reached skill level 3 in Fighting
  2904 | D:4      | Discovered your monstrous ancestry.
  2904 | D:4      | Gained mutation: Your touch may inflict minor irresistible
                  | damage on your foes. [demonic ancestry]
  2904 | D:4      | Reached XP level 5. HP: 39/41 MP: 5/5
  3268 | D:4      | Reached XP level 6. HP: 29/47 MP: 6/6
  3787 | D:5      | Entered Level 5 of the Dungeon
  4152 | D:5      | Found an opulent altar of Gozag.
  4165 | D:5      | Reached skill level 4 in Fighting
  4402 | D:5      | Reached XP level 7. HP: 25/54 MP: 7/7
  4536 | D:5      | Found a staircase to the Ecumenical Temple.
  4550 | Temple   | Entered the Ecumenical Temple
  4565 | Temple   | Became a worshipper of Warmaster Okawaru
  5218 | D:6      | Reached skill level 5 in Unarmed Combat
  5655 | D:6      | Reached skill level 5 in Fighting
  5949 | D:6      | Noticed Menkaure
  5952 | D:6      | Killed Menkaure
  5952 | D:6      | Reached * piety under Okawaru
  5953 | D:6      | Reached skill level 5 in Shapeshifting
  6075 | D:6      | Gained mutation: You may rarely emit foul miasma when
                  | damaged in melee. [demonic ancestry]
  6075 | D:6      | Reached XP level 8. HP: 63/63 MP: 8/8
  6367 | D:6      | Reached skill level 6 in Fighting
  6554 | D:7      | Reached ** piety under Okawaru
  6896 | D:7      | Gained mutation: Your touch may inflict irresistible damage
                  | on your foes. [demonic ancestry]
  6896 | D:7      | Reached XP level 9. HP: 65/71 MP: 9/9
  7124 | D:8      | Noticed a death yak
  7130 | D:8      | Noticed a death yak
  7148 | D:8      | Noticed Grum
  7161 | D:7      | Reached skill level 7 in Fighting
  7324 | D:8      | Noticed a death yak
  7344 | D:7      | Slain by a death yak

Illustrated notes

Levels and vault maps discovered:
D:1:      dpeg_arrival_simpleton_c, layout_rooms, st_stairs_6
D:2:      layout_rooms, basic_altar
D:3:      layout_basic, basic_ecumenical_altar
D:4:      layout_basic
D:5:      layout_loops_ring, mainiacjoe_overflow_chevrons,
          minmay_temple_entry_stoned_glass, eino_small_chamber_without_monster,
          kennysheep_donut
D:6:      layout_rooms, uniq_menkaure
D:7:      layout_cave_pools, minmay_strange_pillars
D:8:      layout_gridville, cheibrodos_ashenzari_chains, old_standard_altar,
          dpeg_lair_monsters, uniq_prince_ribbit1, uniq_grum
Temple:   nicolae_temple_bog_church

Skill      XL: |  1  2  3  4  5  6  7  8  9 |
---------------+----------------------------+-----
Unarmed Combat | 3 4 5 6 |  6.9
Shapeshifting  | 3 4 5 6 |  6.4
Fighting       | 2 3 4 5 6 7 |  7.1
Dodging        | |  1.7

Action                     |  1- 3 |  4- 6 |  7- 9 || total
---------------------------+-------+-------+-------++-------
  Melee: Unarmed           |   109 |   150 |   160 ||   419
         Punch             |     1 |     6 |    10 ||    17
         Touch             |       |    19 |    32 ||    51
 Invoke: Heroism           |       |       |     1 ||     1
  Evoke: Wand              |       |     1 |     6 ||     7
    Use: Potion            |     1 |       |     2 ||     3
         Scroll            |     3 |     7 |     4 ||    14
   Stab: Distracted        |     1 |       |       ||     1
         Sleeping          |       |     4 |     1 ||     5
 Armour: Skin              |    15 |       |       ||    15
         Animal skin       |    46 |    76 |     7 ||   129
         Leather armour    |       |       |    67 ||    67
  Dodge: Dodged            |    67 |   116 |    89 ||   272
